 Dungeon Crawl Stone Soup version 0.28.0-43-g3370ac3207 (webtiles) character file.

Game seed: 11654631406341368109

14 GreyFruit the Gusty (level 2, 0/15 HPs)
             Began as a Tengu Air Elementalist on Mar 7, 2022.
             Hit by a stone thrown by a kobold (2 damage)
             ... on level 1 of the Dungeon.
             The game lasted 00:01:01 (476 turns).

GreyFruit the Gusty (Tengu Air Elementalist)         Turns: 476, Time: 00:01:02

Health: 0/15       AC:  2    Str:  8    XL:     2   Next: 45%
Magic:  2/6        EV: 12    Int: 15    God:
Gold:   24         SH:  0    Dex: 14    Spells: 4/5 levels left

rFire   . . .      SeeInvis .   e - +0 whip
rCold   . . .      Faith    .   (no shield)
rNeg    . . .      Spirit   .   a - +0 robe
rPois   .          Reflect  .   (helmet restricted)
rElec   .          Harm     .   (no cloak)
rCorr   .          Rampage  .   (no gloves)
Will    .....                   (boots unavailable)
Stlth   ++........              (no amulet)
HPRegen 0.05/turn               (no ring)
MPRegen 0.10/turn               (no ring)

@: no status effects
A: beak, talons 3
a: no special abilities


You were on level 1 of the Dungeon.
You visited 1 branch of the dungeon, and saw 1 of its levels.

You collected 24 gold pieces.

Inventory:

Hand Weapons
 e - a +0 whip (weapon)
Armour
 a - a +0 robe (worn)
Scrolls
 b - a scroll of amnesia {unknown}
 d - a scroll of identify {unknown}
Potions
 c - a potion of invisibility {unknown}


   Skills:
 + Level 2.4 Dodging
 + Level 2.2 Stealth
 + Level 2.1 Spellcasting
 + Level 1.9 Conjurations
 + Level 4.2 Air Magic


You had 4 spell levels left.
You knew the following spells:

 Your Spells              Type           Power      Damage    Failure   Level
a - Shock                 Conj/Air       40%        1d5       6%          1

Your spell library contained the following spells:

 Spells                   Type           Power      Damage    Failure   Level
 Static Discharge         Conj/Air       10%        N/A       10%         2
 Swiftness                Air            14%        N/A       12%         3
 Airstrike                Air            7%         N/A       36%         4


Dungeon Overview and Level Annotations

Branches:
Dungeon (1/15)

Altars:


Innate Abilities, Weirdness & Mutations

You have a beak for a mouth.
You have claws for feet.


Message History

You barely miss the jackal.
The jackal is lightly wounded.
The jackal misses you.
The jackal bites you but does no damage.
The jackal barely misses you. The jackal bites you. The jackal bites you.
A kobold comes into view. It is wielding a +0 short sword.
A goblin comes into view. It is wielding a +0 dagger.
The jackal bites you but does no damage.
Things that are here:
a +0 whip; 4 stones
e - a +0 whip The jackal misses you.
The kobold throws a stone.
The stone hits you.
e - a +0 whip (weapon)
The jackal misses you.
You completely miss the jackal.
The goblin shouts!
You claw the jackal.
You kill the jackal!
You hit the jackal. You claw the jackal.
You kill the jackal!
You hit the jackal. You claw the jackal, but do no damage.
The jackal is heavily wounded.
The jackal misses you.
The kobold throws a stone.
The stone closely misses you.
The stone hits the jackal.
The jackal bites you but does no damage.
You hit the jackal but do no damage. Your kick misses the jackal.
The jackal is severely wounded.
The kobold throws a stone.
The stone barely misses you.
The stone closely misses the jackal.
The jackal bites you.
The kobold throws a stone.
The stone barely misses you.
The stone misses the jackal.
You closely miss the jackal. You claw the jackal, but do no damage.
You peck the jackal.
You kill the jackal!
The goblin hits you with a +0 dagger.
* * * LOW HITPOINT WARNING * * *
The kobold throws a stone.
The stone hits you.
You die...

#.# #..........†.......
#.# #..................
#.# #h########.........
#)# #.# #....h.........
#.# #h# #...h.#.####.#
#.# #.# #...h.#.# . #.#
#.# #.....#.# #.#
#.###.....#†# #.#
#h........#@# #.#
####......#.g...... #.#
#......#........
#.#######....###K.......
#......##...(# #........
#......####### #........
#......### .........
#......... .........
#.#.......


You could see a goblin and a kobold.

Vanquished Creatures
  3 bats (D:1)
  An endoplasm (D:1)
  A hobgoblin (D:1)
  4 jackals (D:1)
  2 kobolds (D:1)
  A quokka (D:1)
  A frilled lizard (D:1)
13 creatures vanquished.

Vanquished Creatures (others)
  14 toadstools (D:1)
14 creatures vanquished.

Grand Total: 27 creatures vanquished

Notes
Turn   | Place    | Note
-------+----------+-------------------------------------------
     0 | D:1      | GreyFruit the Tengu Air Elementalist began the quest for
                  | the Orb.
     0 | D:1      | Reached XP level 1. HP: 10/10 MP: 4/4
   319 | D:1      | Reached XP level 2. HP: 15/15 MP: 4/6
   476 | D:1      | Hit by a stone thrown by a kobold

Illustrated notes

Levels and vault maps discovered:
D:1:      nagdon_arrival_zigzag_paths, layout_basic,
          hellmonk_ecumenical_altar_watching_god

Action                   || total
-------------------------++-------
Melee: Whip              ||     5
       Kick              ||     4
       Unarmed           ||     1
       Peck              ||     1
 Cast: Shock             ||    23
Armor: Robe              ||     7
Dodge: Dodged            ||    10
